Map: Incorporeal LE

Players

LiquidElazer (Elazer) - Winner!

  • Race: Zerg Zerg
  • Spawn Location: 5:00

Geralt (Gerald)

  • Race: Protoss Protoss
  • League: Grandmaster
  • Spawn Location: 11:00

Event: HomeStory Cup XXVII

VOD

Have the link to the VOD?

Description

Time

  • Played on: June 28, 2025, 9:41 a.m.
  • Length: 18:57

All games in this series

Show
View Real Time Build Order
Export as new Build Order

LiquidElazer Zerg - Winner!

Build Orders: Hatch First, Lurkers 

Get SALT Encoding   

  12  0:00  Drone  
  13  0:08  Drone  
  13  0:14  Drone, Extractor  
  15  0:21  Overlord  
  15  0:39  Drone  
  16  0:45  Hatchery  
  16  0:49  Drone  
  16  0:52  Drone  
  16  0:56  Drone  
  18  1:06  Extractor  
  17  1:11  Spawning Pool  
  17  1:14  Drone  
  17  1:17  Drone  
  18  1:26  Drone  
  19  1:37  Drone  
  20  1:49  Overlord  
  20  1:57  Queen x2  
  20  1:58  Drone  
  20  2:00  Zergling x2  
  26  2:09  Drone  
  26  2:10  Metabolic Boost  
  26  2:14  Zergling x2  
  28  2:20  Drone  
  28  2:22  Zergling x2  
  30  2:30  Drone x2  
  30  2:35  Queen  
  34  2:43  Drone  
  35  2:45  Overlord  
  35  2:51  Hatchery  
  34  2:56  Zergling x2  
  34  2:57  Drone  
  36  3:03  Zergling x2  
  37  3:06  Drone x4  
  37  3:09  Drone  
  37  3:10  Drone  
  37  3:12  Drone  
  44  3:17  Overlord  
  44  3:36  Drone x4  
  45  3:41  Drone x6  
  45  3:45  Spore Crawler x2  
  45  3:48  Drone  
  50  3:52  Drone  
  50  3:53  Drone  
  52  4:06  Drone x3  
  54  4:17  Drone x4  
  57  4:19  Overlord  
  57  4:20  Lair, Spore Crawler  
  57  4:21  Drone  
  57  4:22  Overlord  
  57  4:34  Overlord  
  57  4:37  Zergling x2, Hatchery  
  57  4:38  Zergling x10  
  62  4:44  Zergling x2  
  63  4:47  Zergling x12  
  63  4:48  Zergling x6  
  72  4:53  Zergling x2  
  72  4:57  Overlord  
  73  5:01  Zergling x4  
  73  5:05  Extractor  
  73  5:06  Extractor  
  71  5:07  Drone  
  71  5:08  Extractor  
  71  5:15  Drone x5  
  71  5:21  Drone x5, Hydralisk Den  
  80  5:27  Drone x3  
  82  5:30  Overlord  
  80  5:35  Drone x2  
  80  5:40  Overlord  
  80  5:42  Drone  
  83  5:47  Overlord  
  83  5:50  Hydralisk x5  
  83  5:52  Zergling x6  
  96  5:59  Overlord  
  96  6:01  Hydralisk  
  96  6:02  Hydralisk  
  99  6:06  Zergling x6  
  99  6:13  Muscular Augments  
  99  6:14  Overlord  
  99  6:15  Drone x2  
  99  6:17  Extractor  
  97  6:19  Infestation Pit  
  97  6:20  Drone x3  
  99  6:26  Drone x3  
  99  6:29  Extractor  
  101  6:33  Drone  
  101  6:38  Drone x3  
  105  6:41  Drone  
  105  6:44  Drone x9  
  115  6:47  Extractor  
  115  6:48  Overlord, Extractor  
  115  6:53  Overlord  
  112  6:55  Lurker Den  
  112  6:56  Overlord, Hive  
  112  6:57  Hydralisk  
  112  7:01  Overlord  
  113  7:03  Hydralisk x3  
  113  7:08  Overseer  
  119  7:09  Hydralisk  
  119  7:10  Zergling x4  
  119  7:12  Zergling x18  
  132  7:18  Overlord, Grooved Spines  
  132  7:23  Hydralisk x3  
  132  7:29  Drone  
  135  7:38  Overlord x4  
  135  7:40  Hydralisk x7  
  149  7:53  Zergling x12  
  155  7:58  Zergling x2  
  155  7:59  Zergling x4  
  155  8:04  Zergling x2  
  159  8:08  Seismic Spines  
  159  8:09  Overlord  
  159  8:11  Zergling x22  
  169  8:15  Lurker x5  
  169  8:16  Lurker  
  174  8:20  Lurker  
  174  8:24  Zergling x8  
  179  8:29  Lurker  
  180  8:36  Zergling x8  
  169  8:54  Zergling x22  
  170  8:56  Lurker x4  
  171  9:04  Hydralisk x4  
  171  9:05  Adaptive Talons  
  167  9:14  Hydralisk x4  
  167  9:17  Hatchery  
  167  9:20  Hydralisk  
  167  9:23  Drone, Evolution Chamber  
  168  9:24  Evolution Chamber  
  168  9:25  Hydralisk x2  
  169  9:31  Hydralisk x5  
  169  9:37  Hydralisk x3  
  177  9:45  Zergling x2  
  177  9:46  Zergling x10, Lurker x3  
  177  9:52  Drone  
  187  9:57  Zerg Melee Weapons Level 1, Zerg Missile Weapons Level 1  
  187  9:58  Overseer  
  187  10:01  Hydralisk x4  
  187  10:04  Zergling x22  
  187  10:05  Zergling x2  
  187  10:06  Zergling x2  
  192  10:23  Lurker x4  
  192  10:25  Unknown  
  190  10:28  Adrenal Glands  
  190  10:29  Spire  
  190  10:31  Lurker  
  190  10:32  Lurker  
  190  10:34  Lurker  
  192  10:39  Lurker  
  192  10:42  Zergling x14  
  179  10:58  Hydralisk  
  179  10:59  Hydralisk x7  
  179  11:04  Drone x8  
  200  11:07  Drone x4  
  198  11:18  Hydralisk  
  197  11:20  Extractor  
  197  11:23  Extractor  
  186  11:39  Spore Crawler  
  182  11:42  Spine Crawler  
  178  11:50  Zerg Flyer Weapons Level 1  
  178  11:53  Zerg Melee Weapons Level 2, Zerg Missile Weapons Level 2  
  177  11:56  Spore Crawler  
  177  11:57  Drone x3, Spine Crawler x2  
  177  11:58  Drone x3  
  177  11:59  Drone x2, Spine Crawler  
  181  12:01  Spine Crawler x2  
  181  12:03  Spine Crawler  
  181  12:04  Spine Crawler  
  181  12:05  Spine Crawler x2  
  181  12:06  Drone x2, Spine Crawler  
  176  12:10  Drone x3, Spine Crawler  
  176  12:11  Spine Crawler  
  176  12:13  Spine Crawler  
  176  12:31  Hydralisk x2  
  169  12:48  Lurker x2  
  170  12:58  Corruptor x16  
  151  13:03  Zergling x8  
  179  13:13  Lurker x5  
  179  13:19  Corruptor x6  
  184  13:26  Corruptor  
  198  13:28  Overlord  
  190  13:41  Pneumatized Carapace  
  190  13:43  Overseer x3  
  190  13:46  Zerg Flyer Weapons Level 2  
  178  13:55  Lurker  
  178  13:56  Lurker x4  
  178  14:02  Corruptor x2  
  171  14:15  Corruptor  
  171  14:16  Corruptor x4  
  171  14:22  Zergling x48  
  188  14:25  Overseer x2  
  182  14:41  Overlord x3  
  182  14:42  Overseer x6  
  182  14:47  Zerg Melee Weapons Level 3, Zerg Missile Weapons Level 3  
  182  14:50  Overseer  
  182  15:06  Hydralisk  
  178  15:07  Hydralisk x9  
  193  15:22  Zergling x14  
  197  15:32  Lurker x6  
  195  15:55  Lurker x3  
  194  15:58  Overlord  
  177  16:22  Corruptor  
  177  16:23  Corruptor x13  
  197  16:29  Zergling x10  
  197  16:30  Zergling x2  
  190  16:53  Zergling x4  
  190  16:54  Zergling x2  
  190  16:55  Overlord  
  190  16:56  Overlord  
  184  17:15  Zergling x32  
  200  17:17  Hatchery  
  199  17:26  Hatchery  
  189  17:43  Zergling x30  
  195  18:03  Hydralisk x3  
  198  18:08  Overlord  
  198  18:09  Overlord  
  188  18:24  Corruptor x6  
Show
View Real Time Build Order
Export as new Build Order

Geralt Protoss 

Build Orders: 1 Gate Expand, Oracle Opening 

Get SALT Encoding   

  12  0:04  Probe  
  13  0:16  Probe  
  14  0:23  Pylon  
  14  0:27  Probe  
  15  0:37  Probe  
  15  0:42  Gateway  
  16  0:45  Probe  
  17  0:51  Assimilator  
  17  0:57  Probe  
  18  1:09  Probe  
  19  1:21  Probe  
  20  1:27  Nexus  
  20  1:34  Probe  
  21  1:40  Cybernetics Core  
  21  1:46  Probe  
  22  1:47  Assimilator  
  22  1:54  Pylon  
  22  1:58  Probe  
  23  2:06  Adept  
  23  2:12  Probe  
  26  2:25  Probe  
  26  2:26  Stargate, Adept  
  30  2:37  Probe  
  30  2:38  Warp Gate  
  30  2:40  Probe  
  31  2:49  Probe  
  32  2:52  Probe  
  32  2:56  Adept  
  35  3:01  Oracle, Probe  
  35  3:04  Probe  
  40  3:13  Probe  
  40  3:16  Probe  
  40  3:17  Pylon  
  42  3:25  Probe  
  43  3:28  Probe  
  43  3:32  Oracle  
  44  3:37  Probe  
  44  3:40  Probe  
  44  3:45  Nexus  
  45  3:49  Probe  
  45  3:54  Gateway, Probe  
  47  4:00  Twilight Council  
  47  4:07  Shield Battery  
  47  4:15  Probe  
  48  4:17  Forge  
  48  4:20  Probe  
  48  4:22  Gateway  
  48  4:23  Assimilator  
  49  4:24  Gateway  
  49  4:26  Pylon  
  49  4:28  Stalker  
  51  4:31  Blink  
  51  4:35  Probe x2  
  53  4:39  Pylon  
  53  4:47  Probe x2  
  53  4:52  Assimilator  
  55  4:57  Stalker  
  55  4:58  Stalker  
  55  4:59  Probe x2  
  59  5:06  Probe  
  60  5:07  Shield Battery  
  60  5:11  Probe  
  60  5:12  Pylon  
  62  5:15  Pylon  
  62  5:16  Shield Battery  
  62  5:17  Stalker  
  64  5:22  Gateway  
  64  5:27  Oracle  
  66  5:29  Probe  
  66  5:34  Protoss Ground Weapons Level 1  
  66  5:35  Probe  
  68  5:36  Probe  
  68  5:40  Gateway, Probe  
  68  5:41  Gateway  
  70  5:44  Gateway  
  70  5:46  Probe x2  
  70  5:47  Stalker  
  73  5:54  Stalker  
  76  5:57  Probe, Stalker  
  76  6:00  Probe, Stalker  
  80  6:06  Probe  
  80  6:09  Probe  
  82  6:14  Probe  
  82  6:17  Gateway, Assimilator x2  
  82  6:18  Probe  
  84  6:19  Stalker x2  
  84  6:24  Probe  
  89  6:26  Probe  
  89  6:31  Pylon  
  90  6:35  Stalker x3  
  93  6:41  Shield Battery, Photon Cannon  
  93  6:42  Probe  
  94  6:49  Photon Cannon  
  94  6:52  Stalker  
  94  6:53  Stalker x2  
  100  6:57  Templar Archives  
  100  7:07  Stalker x3  
  106  7:10  Stalker  
  106  7:14  Probe  
  109  7:16  Pylon  
  109  7:17  Pylon  
  109  7:29  Charge  
  109  7:34  Probe  
  109  7:35  Psionic Storm  
  110  7:37  Pylon  
  110  7:39  High Templar  
  110  7:43  Nexus  
  112  7:46  Probe x2  
  112  7:47  Pylon  
  114  7:51  Photon Cannon  
  114  7:56  Probe  
  116  7:58  Probe  
  116  7:59  Fleet Beacon  
  116  8:03  Probe  
  117  8:08  Probe  
  117  8:10  Probe, High Templar  
  117  8:12  Photon Cannon  
  121  8:13  Shield Battery  
  121  8:19  Shield Battery, Photon Cannon  
  119  8:22  Zealot x4  
  119  8:25  Probe  
  128  8:27  Stargate  
  128  8:30  Photon Cannon  
  128  8:31  Pylon  
  128  8:39  Stalker  
  128  8:40  Stalker x3  
  128  8:45  Zealot x5  
  128  8:47  Probe  
  139  8:56  Tempest  
  141  9:13  Zealot x5  
  149  9:22  Pylon  
  149  9:23  Pylon  
  149  9:24  Pylon  
  144  9:25  Pylon, Photon Cannon  
  144  9:28  Pylon, Photon Cannon  
  144  9:31  Tempest  
  144  9:32  Probe  
  137  9:39  High Templar  
  137  9:41  Tempest  
  147  9:46  Mothership  
  147  9:49  Protoss Air Weapons Level 1  
  155  9:53  Gateway  
  155  9:59  High Templar  
  157  10:00  High Templar  
  159  10:19  Tempest  
  153  10:25  Tempest  
  153  10:27  Nexus  
  153  10:30  Pylon  
  153  10:32  Pylon  
  161  10:40  High Templar  
  161  10:41  High Templar  
  165  10:54  Zealot x5  
  173  11:02  Tempest  
  174  11:05  Probe  
  174  11:10  Photon Cannon  
  174  11:11  Photon Cannon  
  175  11:12  Photon Cannon  
  173  11:19  Tempest  
  173  11:21  Pylon  
  173  11:23  Pylon  
  177  11:27  Pylon  
  177  11:28  Pylon  
  177  11:29  Photon Cannon  
  173  11:40  Protoss Ground Weapons Level 2  
  173  11:45  Protoss Air Weapons Level 2  
  173  11:57  Tempest  
  173  12:02  High Templar, Zealot x4  
  173  12:06  Photon Cannon, Tempest  
  173  12:08  Photon Cannon  
  191  12:10  Nexus  
  191  12:11  Pylon  
  191  12:14  Pylon  
  191  12:25  Pylon  
  191  12:34  Photon Cannon  
  191  12:35  Photon Cannon  
  189  12:37  Zealot x5  
  189  12:39  Tempest  
  191  12:48  Tempest  
  195  12:57  High Templar, Zealot x5  
  197  13:02  Photon Cannon  
  197  13:04  Shield Battery  
  197  13:17  Oracle  
  197  13:19  Photon Cannon  
  197  13:21  Shield Battery  
  197  13:22  Photon Cannon  
  197  13:25  Assimilator  
  200  13:29  Assimilator  
  198  13:44  Stalker  
  198  14:01  Archon  
  187  14:10  Oracle  
  187  14:14  Oracle  
  180  14:30  High Templar  
  180  14:31  Zealot x5  
  200  14:38  Mothership  
  200  14:46  Nexus  
  200  14:47  Pylon  
  200  14:52  Robotics Facility  
  200  15:04  Pylon  
  197  15:24  High Templar  
  194  15:57  Oracle  
  194  16:00  Observer  
  197  16:08  High Templar  
  136  16:34  Oracle, Tempest, Nexus  
  136  16:39  Pylon x2  
  126  16:52  High Templar x6  
  126  17:03  Probe x2  
  126  17:04  Immortal  
  128  17:10  Archon  
  128  17:11  Tempest  
  128  17:12  Tempest  
  136  17:16  Nexus  
  140  17:37  Zealot  
  138  17:45  High Templar  
  138  17:50  Tempest  
  140  17:54  Tempest  
  148  18:13  High Templar x2  
  148  18:33  Zealot  
  148  18:34  Zealot x2  
Tags
 
Add a new tag
Caveats
  • Supply blocks, unpowered buildings, or Contaminate may cause inaccurate times.
  • Supply counts are checked every 10 seconds.